 Dungeon Crawl Stone Soup version 0.22-a0-872-g6a232dd (webtiles) character file.

459 suicidejoker the Covert (level 7, 0/48 HPs)
             Began as an Octopode Assassin on July 28, 2018.
             Was an Initiate of Gozag.
             Slain by a worker ant (4 damage)
             ... on level 4 of the Dungeon on July 29, 2018.
             The game lasted 00:09:10 (3471 turns).

suicidejoker the Covert (Octopode Assassin)         Turns: 3471, Time: 00:09:12

Health: 0/48       AC:  1    Str: 13    XL:     7   Next: 6%
Magic:  7/7        EV: 13    Int: 13    God:    Gozag
Gold:   364        SH:  0    Dex: 13    Spells: 6/6 levels left

rFire    . . .     SeeInvis .   a - +2 dagger
rCold    . . .     Gourm    .   (no shield)
rNeg     . . .     Faith    .   (helmet restricted)
rPois    .         Spirit   .   (no amulet)
rElec    .         Reflect  .   (no ring)
rCorr    .         Harm     .   (no ring)
MR       .....                  (no ring)
Stlth    +++++.....             (no ring)
HPRegen  0.16/turn              (no ring)
MPRegen  0.10/turn              (no ring)
                                (no ring)
                                (no ring)

@: lethally poisoned (0 -> -12), gold aura
A: almost no armour, stealthy swim, amphibious, 8 rings, constrict 8, camouflage
1, gelatinous body 1
a: Potion Petition, Call Merchant, Bribe Branch, Renounce Religion


You were on level 4 of the Dungeon.
You worshipped Gozag.
Gozag was aware of your devotion.
You were very hungry.

You visited 1 branch of the dungeon, and saw 4 of its levels.

You collected 384 gold pieces.
You paid 20 gold pieces to Gozag.

Inventory:

Hand Weapons
 a - a +2 dagger (weapon)
 b - a +0 blowgun
Missiles
 c - 8 poisoned needles
 d - 2 curare-tipped needles
 n - 32 bolts
 t - 5 tomahawks (quivered)
Wands
 l - a wand of disintegration (12)
 r - a wand of enslavement (9)
Scrolls
 e - 2 scrolls of magic mapping {unknown}
 g - 4 scrolls of remove curse
 h - 5 scrolls of teleportation {unknown}
 i - 2 scrolls of identify {unknown}
 j - a scroll of enchant weapon {unknown}
 p - 2 scrolls of amnesia {unknown}
 s - a scroll of immolation {unknown}
Potions
 k - 2 potions of haste {unknown}
 m - a potion of curing {unknown}
 o - 4 potions of heal wounds {unknown}
 q - 3 potions of magic {unknown}
Comestibles
 f - 3 rations


   Skills:
 + Level 4.0 Fighting
 + Level 3.9 Short Blades
 - Level 2.0 Throwing
 - Level 1.0 Dodging
 * Level 9.0 Stealth


You had 6 spell levels left.
You didn't know any spells.
Your spell library was empty.

Dungeon Overview and Level Annotations

Branches:
Dungeon (4/15)
 Temple: D:4-7

Altars:
Gozag
Makhleb
Okawaru
Wu Jian
Yredelemnul


Innate Abilities, Weirdness & Mutations

You cannot wear most types of armour.
You are very stealthy in the water. (Stealth+)
You are amphibious.
You can wear up to eight rings at the same time.
You can use your tentacles to constrict eight enemies at once.
Your skin changes colour to match your surroundings (Stealth+).
Your rubbery body absorbs attacks. (AC +1, EV +1)


Message History

The worker ant poisons you!
You hit the worker ant.
The worker ant is moderately wounded.
You constrict the worker ant.
* * * LOW HITPOINT WARNING * * *
You feel sick. The worker ant misses you.
You hit the worker ant.
You squeeze the worker ant, but do no damage.
The worker ant is severely wounded.
You constrict the worker ant.
* * * LOW HITPOINT WARNING * * *
You feel sick.
The worker ant bites you but does no damage.
You barely miss the worker ant.
The worker ant is severely wounded.
You constrict the worker ant.
* * * LOW HITPOINT WARNING * * *
You feel sick. The worker ant bites you.
You die...
Your body crumbles into a pile of gold.

... #..$.(.# ...
#......# .
##.###$#.#.#
..#...##.#.#.##
.........?.....#
###...#....###.#
##.........# ##
#..........###...#
##..#.$#.#.@$..#
#. ##......a......
# #.#####..#.#.##
#.# #...... ##
##.#.### .#.# ># #
..


You could see a worker ant.

Vanquished Creatures
  Sigmund (D:2)
  Ijyb (D:2)
  Natasha (D:2)
  An iguana (D:4)
  A worker ant (D:4)
  7 adders
  4 gnolls
  An ooze (D:1)
  3 worms
  3 dart slugs
  3 leopard geckos
  5 orcs (D:3)
  6 bats
  7 giant cockroaches
  2 gnoll zombies (D:3)
  5 hobgoblins
  3 jackals (D:3)
  5 kobolds
  3 ball pythons
  3 frilled lizards (D:3)
  12 goblins
  6 rats
83 creatures vanquished.

Notes
Turn   | Place    | Note
-------+----------+-------------------------------------------
     0 | D:1      | suicidejoker the Octopode Assassin began the quest for the Orb.
     0 | D:1      | Reached XP level 1. HP: 14/14 MP: 1/1
    82 | D:1      | Reached XP level 2. HP: 17/19 MP: 2/2
   446 | D:1      | Reached skill level 6 in Stealth
   446 | D:1      | Reached XP level 3. HP: 24/25 MP: 3/3
  1177 | D:2      | Reached XP level 4. HP: 30/30 MP: 4/4
  1253 | D:2      | Noticed Ijyb
  1272 | D:2      | Killed Ijyb
  1272 | D:2      | Reached skill level 7 in Stealth
  1514 | D:2      | Found an opulent altar of Gozag.
  1533 | D:2      | Became a worshipper of Gozag Ym Sagoz the Greedy
  1625 | D:2      | Reached XP level 5. HP: 36/36 MP: 5/5
  1629 | D:2      | Found an ornate altar of the Wu Jian Council.
  1919 | D:2      | Noticed Sigmund
  1927 | D:2      | Killed Sigmund
  1927 | D:2      | Reached skill level 8 in Stealth
  1927 | D:2      | Reached XP level 6. HP: 33/42 MP: 6/6
  2001 | D:2      | Found a faded altar of an unknown god.
  2001 | D:2      | Noticed Natasha
  2007 | D:2      | Killed Natasha
  2751 | D:3      | Found a basalt altar of Yredelemnul.
  2880 | D:3      | Found a burning altar of Makhleb.
  2880 | D:3      | Found an iron altar of Okawaru.
  3448 | D:4      | Reached XP level 7. HP: 47/47 MP: 7/7
  3467 | D:4      | Reached skill level 9 in Stealth
  3471 | D:4      | Slain by a worker ant

Vault maps used:
D:1:      lightli_arrival_flooded_house
D:2:      kennysheep_the_goblin_king, nicolae_overflow_crystal_walls,
          chequers_ecumenical_altar_lobes, grunt_gozag_breadcrumbs,
          uniq_natasha, uniq_sigmund
D:3:      lemuel_zombie_altar_yredelemnul, gammafunk_temple_overflow_pools
D:4:      grunt_ministairs_8, uniq_robin

Skill      XL: |  1  2  3  4  5  6  7 |
---------------+----------------------+-----
Stealth        | 6 7 8 9 |  9.0
Fighting       | 3 4 |  4.0
Short Blades   | 3 |  3.9
Throwing       | |  2.0
Dodging        | |  1.0

Action                   |  1- 3 |  4- 6 |  7- 9 || total
-------------------------+-------+-------+-------++-------
Melee: Dagger            |    48 |   113 |    13 ||   174
       Constrict         |    11 |    22 |     2 ||    35
       Tentacles         |     5 |    21 |     5 ||    31
       Unarmed           |       |    14 |       ||    14
  Use: Scroll            |       |     2 |       ||     2
       Potion            |       |     1 |       ||     1
 Stab: Sleeping          |    16 |    17 |     1 ||    34
  Eat: Ration            |       |     2 |       ||     2
Armor: Skin              |     5 |    33 |     1 ||    39
Dodge: Dodged            |    17 |    57 |     6 ||    80

Table legend:
 A = Spawn XP
 B = Non-spawn XP
 C = Spawn XP percentage of total XP
 D = Spawn monster count
 E = Non-spawn monster count
 F = Spawn count percentage of total count
 G = Total turns spent on level
                    A         B        C        D         E        F      G
               +---------+---------+-------+---------+---------+-------+---------
         Total |       0 |     656 |   0.0 |       0 |      83 |   0.0 |  3471
               +---------+---------+-------+---------+---------+-------+---------
           D:1 |       0 |      61 |   0.0 |       0 |      25 |   0.0 |  1149
           D:2 |       0 |     375 |   0.0 |       0 |      24 |   0.0 |  1009
           D:3 |       0 |     148 |   0.0 |       0 |      30 |   0.0 |  1277
           D:4 |       0 |      72 |   0.0 |       0 |       4 |   0.0 |    36
               +---------+---------+-------+---------+---------+-------+---------
